 Dungeon Crawl Stone Soup version 0.29.1-2-gbd0b4ee654 (webtiles) character file.

Game seed: 16951748595294543929

2247 RascalDebosk the Magician (level 9, -9/66 HPs)
             Began as a Djinni Venom Mage on Oct 29, 2022.
             Was an Initiate of Ashenzari.
             Mangled by an orc warrior
             ... wielding a +0 spear
              (18 damage)
             ... in a bailey.
             The game lasted 01:16:38 (8660 turns).

RascalDebosk the Magician (Djinni Venom Mage)       Turns: 8660, Time: 01:16:39

Health: -9/66      AC:  6    Str:  7    XL:     9   Next: 63%
Gold:   377        EV: 14    Int: 20    God:    Ashenzari [......] SH:  0 Dex: 17

rFire   + + .      SeeInvis .   l - +6 trident of Ylya {venom, rC++ Dex+2}
rCold   + . .      Faith    .   (no shield)
rNeg    . . .      Spirit   .   a - +2 robe
rPois   ∞          Reflect  .   C - +2 hat
rElec   .          Harm     .   (no cloak)
rCorr   .          Rampage  .   (no gloves)
Will    .....                   (boots unavailable)
Stlth   ++........              E - amulet of the acrobat
HPRegen 0.21/turn               (no ring)
MPRegen 0.00/turn               (no ring)

@: flying
A: sickness immunity, fire resistance 2, cold vulnerability 1, float, innate
caster, HP casting, extra vitality 1
a: Renounce Religion


You were in a bailey.
You worshipped Ashenzari.
Ashenzari was noncommittal.
You visited 2 branches of the dungeon, and saw 8 of its levels.
You also visited: Sewer and Bailey.

You collected 377 gold pieces.

Inventory:

Hand Weapons
 l - the +6 trident of Ylya (weapon) {venom, rC++ Dex+2}
   (You took it off a goblin on level 2 of the Dungeon)

   It poisons the flesh of those it strikes.
   Dex:       It affects your dexterity (+2).
   rC:        It greatly protects you from cold.
 s - a +1 dagger
Missiles
 j - a throwing net {@!f}
Armour
 a - a +2 robe (worn)
 h - a +0 leather armour
 C - a +2 hat (worn)
Magical Staves
 q - a staff of cold
Jewellery
 D - a ring of fire
 E - an amulet of the acrobat (around neck)
Wands
 p - a wand of quicksilver (3)
Scrolls
 b - a scroll of blinking {unknown}
 c - 3 scrolls of immolation
 d - a scroll of amnesia {unknown}
 f - a scroll of fog
 i - 3 scrolls of identify
 m - a scroll of torment
 o - 2 scrolls of enchant armour
 r - a scroll of vulnerability {unknown}
 t - 2 scrolls of teleportation
 v - 2 scrolls of brand weapon {unknown}
 w - a scroll of enchant weapon
 y - 2 scrolls of summoning {unknown}
 B - a scroll of noise {unknown}
Potions
 e - 4 potions of brilliance
 g - a potion of might
 k - a potion of flight {unknown}
 n - 2 potions of mutation {unknown}
 x - 2 potions of degeneration {unknown}
 z - a potion of cancellation {unknown}
 A - 2 potions of curing {unknown}


   Skills:
 + Level 6.2 Fighting
 - Level 5.0 Dodging
 - Level 1.5 Stealth
 * Level 7.6 Spellcasting
 + Level 1.0 Evocations


You had 4 spell levels left.
You knew the following spells:

 Your Spells              Type           Power      Damage    Failure   Level
a - Sting                 Tmut/Pois      100%       1d8       1%          1
b - Poisonous Vapours     Pois/Air       76%        N/A       1%          2
c - Mephitic Cloud        Conj/Pois/Air  38%        N/A       1%          3
d - Olgreb's Toxic Radia  Pois           38%        N/A       3%          4
e - Summon Small Mammal   Summ           100%       N/A       1%          1
f - Searing Ray           Conj           76%        2d7       1%          2
g - Dazzling Flash        Conj/Hex       76%        N/A       1%          3
h - Ozocubu's Armour      Ice            38%        N/A       1%          3
Your spell library was empty.

Dungeon Overview and Level Annotations

Branches:
Dungeon (7/15)             Temple (1/1) D:7           Sewer (visited)
 Bailey (1/1)

Altars:
Ashenzari
Elyvilon
Fedhas
Gozag
Hepliaklqana
Makhleb
Qazlal
Ru
Trog
Uskayaw
Wu Jian
Xom
Yredelemnul

Annotations:
D:4 2 transporters, xian's ghost, amateur DjVM Bailey 2 runed translucent doors


Innate Abilities, Weirdness & Mutations

You are immune to sickness and miasma.
You are immune to poison.
Your flesh is very heat resistant. (rF++)
You are vulnerable to cold. (rC-)
You float through the air rather than walking.
You learn spells naturally, not from books.
Your magical power is your life essence.
You have superior vitality. (+4 MHP)


Message History

The searing ray hits the orc warrior!
You kill the orc warrior! (Press . to maintain the ray.)
Your magical contamination has completely faded away.
There is a large open door here.
An orc warrior and 2 orcs come into view.
The orc shouts!
You hear a shout! x2
Casting: Searing Ray (safe; 1% risk of failure)
Confirm with . or Enter, or press ? or * to list all spells.
You begin to radiate toxic energy.
The orc warrior shouts!
The orc warrior is poisoned.
The orc is poisoned.
The orc shouts!
The orc is poisoned.
Casting: Olgreb's Toxic Radiance (dangerous; 4% risk of failure)
Confirm with . or Enter, or press ? or * to list all spells.
Aiming: Searing Ray (safe; 1% risk of failure)
Press: ? - help, Shift-Dir - straight line, f - orc
Aim: an orc, wielding a +0 spear and wearing a +0 chain mail (heavily wounded, poisoned, 86% to hit)
Okay, then.
Casting: Searing Ray (safe; 1% risk of failure)
Confirm with . or Enter, or press ? or * to list all spells.
Your toxic radiance grows in intensity.
The orc looks even sicker. x2
You kill the orc! x2
Casting: Olgreb's Toxic Radiance (dangerous; 3% risk of failure)
Confirm with . or Enter, or press ? or * to list all spells.
Aiming: Poisonous Vapours (safe; 1% risk of failure)
Press: ? - help, Dir - move target, f - orc warrior
Aim: an orc warrior, wielding a +0 halberd and wearing a +0 plate armour (moderately wounded, poisoned) Poisonous vapours surround the orc warrior!
The orc warrior looks as sick as possible!
An orc knight comes into view. It is wielding a +0 halberd.
Casting: Poisonous Vapours (safe; 1% risk of failure)
Confirm with . or Enter, or press ? or * to list all spells.
Your toxic radiance grows in intensity.
The orc knight shouts!
The orc knight is poisoned.
The orc warrior looks as sick as possible! x2
Casting: Olgreb's Toxic Radiance (dangerous; 3% risk of failure)
Confirm with . or Enter, or press ? or * to list all spells.
Your toxic radiance grows in intensity.
The orc knight looks even sicker.
The orc warrior looks as sick as possible!
The orc knight looks even sicker.
An orc warrior comes into view. It is wielding a +0 spear.
The orc warrior completely misses you.
Your toxic aura wanes.
There is a large open door here.
Casting: Olgreb's Toxic Radiance (dangerous; 3% risk of failure)
Confirm with . or Enter, or press ? or * to list all spells.
You begin to radiate toxic energy.
The orc knight looks even sicker.
The orc warrior looks as sick as possible! x2
The orc warrior closely misses you.
Reach: l) +6 trident of Ylya {venom, rC++ Dex+2}
Press: ? - help, Dir - move target, f/p - orc warrior
Aim: an orc warrior, wielding a +0 halberd and wearing a +0 plate armour (almost dead, extremely poisoned, about 32% to evade the +6 trident of Ylya)
You reach to attack!
You hit the orc warrior.
You kill the orc warrior!
The orc knight looks as sick as possible!
The orc warrior is poisoned.
Your toxic aura wanes.
Your Evocations skill increases to level 1!
The orc knight roars a battlecry!
The orc warrior goes into a battle-frenzy!
The orc warrior looks more healthy.
Things that are here:
a +0 glaive; a +0 scale mail; an orc corpse
Aiming: Searing Ray (safe; 1% risk of failure)
Press: ? - help, Q - select action, (/) - cycle Shift-Dir - straight line, f - orc warrior
Aim: an orc warrior, wielding a +0 spear and wearing a +0 plate armour (lightly wounded, strong, 81% to hit)
The searing ray hits the orc knight!
The orc knight is severely wounded.
The searing ray hits the orc warrior.
The orc warrior is moderately wounded. (Press . to maintain the ray.)
The searing ray hits the orc knight.
The orc knight is severely wounded.
The searing ray hits the orc warrior.
The orc warrior is heavily wounded.
The orc knight misses you.
Casting: Searing Ray (safe; 1% risk of failure)
Confirm with . or Enter, or press ? or * to list all spells.
You begin to radiate toxic energy.
The orc warrior is poisoned.
The orc knight looks even sicker.
The orc knight hits you from afar with a +0 halberd!
* * * LOW HITPOINT WARNING * * *
The orc warrior hits you but does no damage.
Aiming: Searing Ray (safe; 1% risk of failure)
Press: ? - help, Q - select action, (/) - cycle Shift-Dir - straight line, f - orc knight, p - orc warrior
Aim: an orc knight, wielding a +0 halberd and wearing a +0 ring mail (severely wounded, very poisoned, 76% to hit)
The searing ray hits the orc knight but does no damage.
The orc knight is severely wounded. (Press . to maintain the ray.)
* * * LOW HITPOINT WARNING * * *
The orc knight looks as sick as possible!
The orc warrior looks even sicker.
Your toxic aura wanes.
The orc knight hits you from afar with a +0 halberd!!
* * * LOW HITPOINT WARNING * * *
The orc warrior hits you from afar with a +0 spear!!
You die...

####.)≈≈≈≈...#
###.$#..≈≈≈≈≈..####
.....#...≈≈≈≈.....###
)...##...≈≈≈≈..♣♣...♣♣♣
#o.#...)≈≈≈≈..♣......♣♣
#8.#...######.........♣
?#.)#...............∩..♣
}#..'..................♣
?#..'.....)...o.@......♣
#..#.........o.....∩..♣
#8.#...######.........♣
##.)#....≈≈≈≈.........♣♣
....##.♣.≈≈≈≈..♣....♣♣♣
.....#...≈≈≈≈.....###
###..#..♣≈≈≈≈..♣.##
####..♣≈≈≈≈≈...#
♣♣≈≈≈≈≈.♣#


You could see an orc knight (extremely poisoned) and an orc warrior (strong,
very poisoned).

Vanquished Creatures
  Pargi (Sewer)
  A black bear (D:6)
  4 orc warriors (Bailey)
  2 bullfrogs
  A necrophage (D:4)
  5 scorpions
  3 wights (D:6)
  6 killer bees (D:7)
  2 jellies
  2 gnoll boudas
  4 orc priests
  2 hounds
  An iguana (D:5)
  3 orc wizards (D:5)
  11 gnolls
  13 adders
  A river rat (D:5)
  2 white imps (D:6)
  An ufetubus (D:5)
  3 worms
  2 dart slugs (D:5)
  23 orcs
  3 endoplasms
  4 giant cockroaches
  7 hobgoblins
  6 jackals (D:5)
  A quokka (D:2)
  10 ball pythons
  7 bats
  9 frilled lizards
  17 goblins
  5 kobolds
  6 rats
168 creatures vanquished.

Vanquished Creatures (others)
  A butterfly (D:6)
  13 plants
14 creatures vanquished.

Grand Total: 182 creatures vanquished

Notes
Turn   | Place    | Note
-------+----------+-------------------------------------------
     0 | D:1      | RascalDebosk the Djinni Venom Mage began the quest for the
                  | Orb.
     0 | D:1      | RascalDebosk set off with the following spells memorised:
                  | Sting, Poisonous Vapours, Mephitic Cloud, Olgreb's Toxic
                  | Radiance.
     0 | D:1      | Reached XP level 1. HP: 15/15 MP: 0/0
   345 | D:1      | Reached XP level 2. HP: 19/21 MP: 0/0
   501 | D:1      | Reached skill level 3 in Spellcasting
   800 | D:1      | Reached XP level 3. HP: 23/26 MP: 0/0
   800 | D:1      | Learned a level 1 spell: Summon Small Mammal
  1491 | D:2      | Identified the +6 trident of Ylya {venom, rC++ Dex+2}
  1768 | D:2      | Reached skill level 1 in Fighting
  1899 | D:2      | Reached XP level 4. HP: 16/32 MP: 0/0
  2608 | D:3      | Found a burning altar of Makhleb.
  2608 | D:3      | Noticed an Executioner
  2632 | D:3      | Found an ornate altar of the Wu Jian Council.
  2715 | D:3      | Found Xuaneaps's One-of-a-Kind Rings.
  3188 | D:3      | Found a blossoming altar of Fedhas.
  3560 | D:4      | Reached XP level 5. HP: 29/38 MP: 0/0
  3560 | D:4      | Learned a level 2 spell: Searing Ray
  3564 | D:4      | Reached skill level 4 in Spellcasting
  3893 | D:4      | Reached XP level 6. HP: 24/45 MP: 0/0
  4217 | D:4      | Noticed xian's ghost (amateur DjVM)
  4223 | D:4      | Found a transporter.
  4276 | D:4      | Identified the +2 spear "Maufuti" {venom, Will+ MP+9 SInv}
  4283 | D:4      | Found a transporter.
  4339 | D:4      | Reached skill level 5 in Spellcasting
  4339 | D:4      | Reached XP level 7. HP: 14/50 MP: 0/0
  4339 | D:4      | Learned a level 3 spell: Dazzling Flash
  5134 | D:5      | Entered Level 5 of the Dungeon
  5595 | D:5      | Found a glowing drain.
  5607 | Sewer    | Entered a sewer
  5641 | Sewer    | Noticed Pargi
  5651 | Sewer    | Killed Pargi
  5652 | Sewer    | Reached XP level 8. HP: 35/58 MP: 0/0
  6052 | D:5      | Reached skill level 6 in Spellcasting
  6364 | D:5      | Found a shimmering altar of Xom.
  6887 | D:6      | Reached skill level 5 in Fighting
  7275 | D:6      | Found a white marble altar of Elyvilon.
  7404 | D:6      | Reached XP level 9. HP: 48/65 MP: 0/0
  7404 | D:6      | Learned a level 3 spell: Ozocubu's Armour
  8164 | D:7      | Found a staircase to the Ecumenical Temple.
  8173 | Temple   | Entered the Ecumenical Temple
  8211 | Temple   | Became a worshipper of Ashenzari the Shackled
  8258 | D:7      | Reached skill level 7 in Spellcasting
  8276 | D:7      | Found a flagged portal.
  8282 | Bailey   | Entered a bailey
  8495 | Bailey   | Reached skill level 5 in Dodging
  8556 | Bailey   | Found a large runed translucent door.
  8556 | Bailey   | Found a large runed translucent door.
  8557 | Bailey   | Noticed a deep elf pyromancer
  8637 | Bailey   | Noticed an orc knight
  8646 | Bailey   | Reached skill level 1 in Evocations
  8660 | Bailey   | Mangled by an orc warrior

Illustrated notes

Levels and vault maps discovered:
D:1:      saegor_arrival_miasma, layout_loops_ring
D:2:      layout_basic
D:3:      layout_basic, nicolae_overflow_crystal_walls,
          makhleb_altar_promises_db, fedhas_ov_isle_minmay,
          nicolae_shop_unique_rings, hangedman_feature_mirror,
          guppyfry_early_orc_mine
D:4:      layout_loops_ring, gammafunk_ghost_gnarly_gnolls, corexii_shack,
          minmay_misc_feat_ornament, serial_bayou_ford_a
D:5:      layout_basic, mainiacjoe_overflow_paths, lightli_sewer_entry_pipes,
          serial_curves, eino_curves_01, eino_curves_04, eino_curves_02,
          eino_curves_02, serial_bayou_pond_a, serial_bayou_crossing
D:6:      layout_layer_cave, nicolae_elyvilon_peaceful_grove
D:7:      minmay_flawed_box, layout_loops_corners,
          mainiacjoe_overflow_tiny_flanked, minmay_temple_entry_mist,
          serial_shops, nicolae_shop_waterfront, enter_bailey_3,
          minmay_diced_spiral, uniq_menkaure, uniq_prince_ribbit1, uniq_joseph
Temple:   nicolae_temple_two_arcs
Bailey:   bailey_polearm_elven_captive_hellmonk, bailey

Skill      XL: |  1  2  3  4  5  6  7  8  9 |
---------------+----------------------------+-----
Spellcasting   | 3 4 5 6 7 |  7.6
Fighting       | 1 2 3 4 5 6 |  6.2
Dodging        | 3 5 |  5.0
Evocations     | 1 |  1.0
Stealth        | |  1.5

Action                   |  1- 3 |  4- 6 |  7- 9 || total
-------------------------+-------+-------+-------++-------
Melee: Dagger            |     5 |       |       ||     5
       Trident           |       |    39 |    87 ||   126
       Punch             |       |       |     3 ||     3
 Cast: Sting             |    40 |       |       ||    40
       Poisonous Vapours |    27 |    23 |    48 ||    98
       Mephitic Cloud    |     4 |     2 |     5 ||    11
       Olgreb's Toxic Ra |       |    11 |    22 ||    33
       Searing Ray       |       |     2 |    15 ||    17
       Ozocubu's Armour  |       |       |     1 ||     1
  Use: Scroll            |       |       |    13 ||    13
       Potion            |       |       |     1 ||     1
 Stab: Distracted        |       |     2 |       ||     2
       Confused          |       |     1 |     1 ||     2
       Sleeping          |       |       |     2 ||     2
Armor: Robe              |     4 |     2 |    16 ||    22
Dodge: Dodged            |    15 |    21 |    49 ||    85
